Map: Ascension to Aiur LE

Players

Accelerator

  • Race: Zerg Zerg
  • League: Diamond
  • Spawn Location: 5:00

Pepsi - Winner!

  • Race: Protoss Protoss
  • League: Diamond
  • Spawn Location: 11:00

VOD

Have the link to the VOD?

Description

Time

  • Played on: Nov. 27, 2017, 10:42 p.m.
  • Length: 4:40
Show
View Real Time Build Order
Export as new Build Order

Accelerator Zerg 

Build Orders: Hatch First 

Get SALT Encoding   

  12  0:01  Drone  
  13  0:09  Drone  
  14  0:17  Extractor  
  14  0:18  Extractor, Drone  
  13  0:22  Drone  
  13  0:28  Overlord  
  16  0:51  Hatchery  
  16  0:53  Drone  
  16  0:56  Drone  
  17  1:00  Drone  
  18  1:05  Extractor  
  17  1:12  Drone  
  17  1:16  Drone  
  19  1:26  Spawning Pool  
  19  1:31  Drone  
  19  1:37  Drone  
  20  1:48  Overlord  
  20  1:58  Evolution Chamber  
  19  2:02  Drone  
  20  2:12  Metabolic Boost  
  20  2:13  Zergling x2  
  20  2:14  Zergling x4  
  23  2:20  Zergling x2  
  24  2:24  Drone  
  24  2:29  Queen  
  27  2:31  Queen  
  29  2:42  Drone x3  
  32  2:46  Drone  
  33  2:53  Drone  
  33  2:56  Overlord  
  32  3:13  Zergling x4  
  32  3:18  Queen  
  29  3:20  Spine Crawler  
  29  3:23  Spine Crawler  
  27  3:31  Zergling x4  
Show
View Real Time Build Order
Export as new Build Order

Pepsi Protoss - Winner!

Build Orders:  

Get SALT Encoding   

  12  0:02  Probe  
  13  0:14  Probe  
  13  0:19  Pylon  
  14  0:26  Probe  
  15  0:38  Probe  
  15  0:41  Forge  
  16  0:50  Probe  
  17  1:02  Probe  
  17  1:16  Pylon  
  17  1:35  Gateway  
  17  1:36  Gateway  
  17  1:37  Gateway  
  17  1:38  Gateway  
  17  1:49  Gateway  
  17  1:59  Pylon  
  19  2:26  Zealot (Chrono Boost)  
  19  2:28  Zealot (Chrono Boost)  
  25  2:31  Zealot (Chrono Boost)  
  25  2:33  Zealot (Chrono Boost)  
  25  2:36  Pylon  
  27  2:48  Zealot (Chrono Boost)  
  31  2:57  Zealot (Chrono Boost)  
  33  3:03  Zealot x3 (Chrono Boost)  
  35  3:11  Zealot  
  37  3:23  Zealot x2  
  34  3:44  Zealot x2  
Tags
 
Add a new tag
Caveats
  • Supply blocks, unpowered buildings, or Contaminate may cause inaccurate times.
  • Supply counts are checked every 10 seconds.